Zatoichi, lawful male human Samurai --- --.- |...----- |.......-- |........| --......-- |......| --...-- --.^.-| .--.....| ...^)...- -...|.... ...|.).. ....--- .<).| ..........---- -----...............- I.................--..-- --------..|...|.--|...| ---|..---- -.-- --- --- Zatoichi the Ronin Experience level: 5 Strength: 16 Dexterity: 18 Constitution: 18 Intelligence: 11 Wisdom: 10 Charisma: 8 Health: 0(50) Energy: 22(22) Def: 6 Gold: 654 Moves: 1906 Dungeon seed: KuKE8t2pE7UFme6r Game ID: Zatoichi_1572980821 Your Inventory: Coins $ - 654 gold pieces Weapons a - a +0 katana (weapon in hand) b - a +0 wakizashi (alternate weapon; not wielded) c - a +0 yumi d - 37 +0 ya (in quiver) p - a +0 boomerang v - a +0 aklys Armor e - an uncursed rustproof +0 splint mail (being worn) y - a cursed +0 robe z - an uncursed +0 mummy wrapping Scrolls g - a cursed scroll of light s - a cursed scroll of food detection Potions i - an uncursed potion of gain energy t - 4 potions of unholy water Rings j - an uncursed ring of teleport control r - an uncursed ring of invisibility Wands k - a wand of teleportation (0:6) Tools f - an uncursed blindfold l - an uncursed blindfold m - an uncursed towel u - an uncursed tooled horn w - an uncursed tallow candle (0:200) Gems n - an uncursed fluorite stone q - 2 uncursed worthless pieces of white glass N - an uncursed turquoise stone Y - an uncursed jasper stone Spells and supernatural/magical abilities: Name Level Category Fail Memory W - pray for help -- divine ? -- Your skills at the end: Fighting Skills martial arts [Basic] Weapon Skills short sword [Basic] long sword [Basic] bow [Basic] Spellcasting Skills Final Attributes: You were piously aligned. You aggravated monsters. You were fast. You are dead. Vanquished creatures: a ghost a shrieker a gnome lord a kobold mummy a straw golem a little dog 2 floating eyes a kitten a dwarf a homunculus 2 iguanas a hobbit a manes a giant rat 5 gnomes a gnome zombie 2 geckos 4 jackals 3 sewer rats 2 grid bugs a lichen a kobold zombie 3 newts 38 creatures vanquished. Voluntary challenges: You were an atheist. You used a wielded weapon 54 times, starting on turn 149. You read items or engraved 1 time, starting on turn 476. You never genocided any monsters. You never polymorphed an object. You never changed form. You used no wishes. You never split a pudding. You never wrote Elbereth's name. You violated your moral code, losing 19 points of alignment, starting on turn 1463. You were permanently blind. Dungeon overview: The Dungeons of Doom: levels 1 to 5 Level 1 (box) a fountain a long staircase Level 2 (some peaceful monster) an altar to Amaterasu Omikami Level 3 (box) a fountain stairs to The Gnomish Mines Level 4 an altar to Raijin, a fountain Level 5 The Gnomish Mines: Level 4 <- You were here stairs to The Dungeons of Doom History has recorded: On T:1 you entered the Dungeons of Doom to retrieve the Amulet of Yendor! On T:414 you reached level 2 of The Dungeons of Doom. On T:502 you reached level 3 of The Dungeons of Doom. On T:887 you reached level 1 of The Gnomish Mines. On T:1107 you advanced to experience level 2. On T:1161 you reached level 4 of The Dungeons of Doom. On T:1228 you advanced to experience level 3. On T:1413 you advanced to experience level 4. On T:1505 you reached level 5 of The Dungeons of Doom. On T:1773 you advanced to experience level 5. Score breakdown: Gold: 654 ( 9579 points) Experience: 5 levels (11141 points) Exploration: 5 levels ( 9.62%) ( 8401 points) Discoveries: 0 items ( 0.00%) ( 0 points) Valuables value: (no points given unless you survive) Artifact value: 0 ( 0 points) Variety of kills: 23 monsters ( 6.04%) ( 7370 points) Turncount: 1906 turns ( 0 points) Survival: died (score multiplied by 80%) Total score: 29192 Latest messages: You hear rumbling in the distance. N - a blue gem. Y - a red gem. You try to feel what is lying here on the floor. You feel here a candle. w - a candle. You are beginning to feel hungry. Use the 'moveonly' command to move into a remembered wall. (3x) Wait! There's something there you can't see! It hits! It just misses! You hit it. You destroy it! You attack thin air. Use the 'moveonly' command to move into a remembered wall. Wait! There's something there you can't see! You miss it. (3x) You destroy it! You attack thin air. It hits! You die... Final status: Sayonara Zatoichi the Samurai, killed by a gnome lord... You died in The Gnomish Mines on dungeon level 4 with 29192 points, and 654 pieces of gold, after 1906 moves. You were level 5 with a maximum of 50 hit points when you died.